 Dungeon Crawl Stone Soup version 0.32-a0-401-g0bcb2a7693 (webtiles) character file.

Game seed: 1573956754480809979

1601134 kakafuego the Slayer (level 27, 269/269 HPs)
             Began as an Octopode Wanderer on Feb 20, 2024.
             Was an Initiate of Gozag.
             Escaped with the Orb
             ... and 3 runes!
             The game lasted 02:12:57 (74752 turns).

kakafuego the Slayer (Octopode Wanderer)           Turns: 74752, Time: 02:12:57

Health: 269/269    AC: 29    Str: 12    XL:     27
Magic:  38/38      EV: 46    Int: 25    God:    Gozag
Gold:   21035      SH: 23    Dex: 35    Spells: 10/48 levels left

rFire   + . .        h - +7 double sword (holy)
rCold   + + .        O - +5 kite shield {rC+}
rNeg    + . .        N - +2 hat {Will+}
rPois   ∞            b - amulet "Eshreew" {Spirit Fly rElec}
rElec   +            n - +6 ring of dexterity
rCorr   +            Q - +5 ring of evasion
SInv    .            m - ring of Xamiv {Fly rElec rCorr Dex+3}
Will    +++..        G - +6 ring of dexterity
Stlth   ++           J - ring of protection from fire
HPRegen 1.44/turn    T - +4 ring of slaying
MPRegen 0.26/turn    l - +5 ring of evasion
                     d - +6 ring of dexterity

%: clarity, guardian spirit
@: statue-form, flying, very slow
A: slow and powerful, torment resistance 1, boosted hp, almost no armour,
amphibious, 8 rings, camouflage 1, (gelatinous body 1), (nimble swimmer 1),
tentacles, clarity, cold resistance 1, regeneration 1
0: Orb of Zot
}: 3/15 runes: decaying, serpentine, silver
a: Begin Untransformation, Renounce Religion, Potion Petition, Call Merchant,
Bribe Branch


You escaped.
You worshipped Gozag.
Gozag was extremely pleased with you.
You were a living statue of rough stone.
You visited 10 branches of the dungeon, and saw 50 of its levels.
You visited 1 bazaar.
You also visited: Sewer, Bailey, Gauntlet, Ice Cave and Wizlab.

You collected 33761 gold pieces.
You spent 6610 gold pieces at shops.
You paid 6116 gold pieces to Gozag.

Inventory:

Hand Weapons
 h - a +7 double sword of holy wrath (weapon)
 k - a +9 club of freezing
 w - a +5 heavy demon blade
Missiles
 Z - a throwing net {!f}
Armour
 N - a +2 hat of willpower (worn)
 O - a +5 kite shield of cold resistance (worn)
Jewellery
 b - the amulet "Eshreew" (around mantle) {Spirit Fly rElec}
   (You bought it in a shop on level 3 of the Elven Halls)

   [amulet of guardian spirit]

   Spirit:    It causes incoming damage to be divided between your reserves of
   health and magic.
   rElec:     It insulates you from electricity.
   Fly:       It grants you flight.
 c - an amulet of regeneration
 d - a +6 ring of dexterity (on tentacle)
 i - a ring of wizardry
 l - a +5 ring of evasion (on tentacle)
 m - the ring of Xamiv (on tentacle) {Fly rElec rCorr Dex+3}
   (You found it in a wizard's laboratory)

   [ring of flight]

   Dex+3:     It affects your dexterity (+3).
   rElec:     It insulates you from electricity.
   Fly:       It grants you flight.
   rCorr:     It protects you from acid and corrosion.
 n - a +6 ring of dexterity (left tentacle)
 t - a ring of fire
 u - a ring of protection from cold
 y - a ring of see invisible
 A - a ring of willpower
 D - a +6 ring of intelligence
 G - a +6 ring of dexterity (on tentacle)
 H - a ring of willpower
 J - a ring of protection from fire (on tentacle)
 Q - a +5 ring of evasion (right tentacle)
 T - a +4 ring of slaying (on tentacle)
 Y - the ring "Xefyk" {Fly rF+ Will+ Str-4}
   (You found it in a Gauntlet)

   [ring of willpower]

   Str-4:     It affects your strength (-4).
   rF+:       It protects you from fire.
   Will+:     It increases your willpower.
   Fly:       It grants you flight.
Talismans
 f - a granite talisman (active)
Wands
 p - a wand of quicksilver (12)
 I - a wand of roots (39)
 S - a wand of digging (9) {@v3}
 U - a wand of charming (62)
Scrolls
 a - 8 scrolls of fear
 g - a scroll of revelation
 j - 8 scrolls of butterflies
 r - 6 scrolls of fog
 s - 3 scrolls of silence
 v - 9 scrolls of blinking {@r4}
 L - 2 scrolls of teleportation {@r3}
Potions
 e - 10 potions of haste {@q4}
 o - 2 potions of mutation
 q - 5 potions of might {@q3}
 x - 12 potions of lignification
 z - 3 potions of invisibility
 C - 5 potions of resistance {@q5}
 E - 20 potions of curing {@q1}
 F - 15 potions of heal wounds {@q2}
 K - 3 potions of ambrosia
 M - 3 potions of magic
 P - 4 potions of enlightenment
Miscellaneous
 B - a tin of tremorstones (2/2)
 R - a phial of floods
 V - a box of beasts (inert)
 W - a lightning rod (2/4)
 X - a phantom mirror (inert)


   Skills:
 - Level 22.0 Fighting
 + Level 18.3 Long Blades
 * Level 18.9 Dodging
 - Level 7.0 Stealth
 - Level 15.0 Shields
 - Level 3.0 Unarmed Combat
 - Level 11.0 Spellcasting
 - Level 17.0 Summonings
 - Level 14.0 Translocations
 - Level 4.8 Ice Magic
 - Level 5.8 Air Magic
 + Level 13.1 Evocations
 - Level 16.0 Shapeshifting


You had 10 spell levels left.
You knew the following spells:

 Your Spells              Type           Power      Damage    Failure   Level
a - Ozocubu's Armour      Ice            38%        N/A       3%          3
b - Summon Ice Beast      Ice/Summ       62%        N/A       1%          3
c - Passwall              Erth           13%        N/A       26%         3
d - Blink                 Tloc           100%       N/A       1%          2
e - Summon Forest         Summ/Tloc      37%        N/A       1%          5
f - Passage of Golubria   Tloc           70%        N/A       1%          4
g - Vhi's Electric Charg  Tloc/Air       100%       N/A       1%          4
h - Apportation           Tloc           100%       N/A       1%          1
i - Malign Gateway        Summ/Tloc      37%        N/A       12%         7
j - Lesser Beckoning      Tloc           100%       N/A       1%          2
k - Summon Lightning Spi  Summ/Air       63%        N/A       1%          4

Your spell library contained the following spells:

 Spells                   Type           Power      Damage    Failure   Level
 Summon Small Mammal      Summ           100%       N/A       0%          1
 Call Imp                 Summ           100%       N/A       0%          2
 Freeze                   Ice            100%       1d10      1%          1
 Momentum Strike          Conj/Tloc      96%        3d10      1%          2
 Volatile Blastmotes      Fire/Tloc      96%        2d18      1%          3
 Manifold Assault         Tloc           70%        N/A       1%          4
 Shock                    Conj/Air       100%       1d9       2%          1
 Swiftness                Air            43%        N/A       2%          3
 Martyr's Knell           Necr/Summ      54%        N/A       2%          4
 Summon Blazeheart Golem  Fire/Summ      54%        N/A       2%          4
 Static Discharge         Conj/Air       56%        3-6/arc   3%          2
 Frozen Ramparts          Ice            76%        1d12      3%          3
 Ensorcelled Hibernation  Hex/Ice        50%        N/A       4%          2
 Dispersal                Tloc           35%        N/A       4%          6
 Cigotuvi's Dreadful Rot  Necr/Alch/Air  46%        N/A       6%          2
 Summon Mana Viper        Hex/Summ       54%        N/A       7%          5
 Monstrous Menagerie      Summ           39%        N/A       7%          7
 Airstrike                Air            21%        2d(4-20)  8%          4
 Foxfire                  Conj/Fire      52%        2x1d6     9%          1
 Kiss of Death            Conj/Necr      52%        2d9       9%          1
 Magic Dart               Conj           52%        1d5       9%          1
 Necrotise                Necr           52%        1d6       9%          1
 Sandblast                Erth           26%        2d8       9%          1
 Slow                     Hex            52%        N/A       9%          1
 Sting                    Conj/Alch      52%        1d6       9%          1
 Hailstorm                Conj/Ice       25%        3d7       10%         3
 Confusing Touch          Hex            13%        N/A       26%         3
 Dazzling Flash           Conj/Hex       26%        N/A       26%         3
 Inner Flame              Hex/Fire       13%        N/A       26%         3
 Sigil of Binding         Hex            13%        N/A       26%         3
 Stone Arrow              Conj/Erth      26%        3d8       26%         3
 Tukima's Dance           Hex            13%        N/A       26%         3
 Vampiric Draining        Necr           13%        2d6       26%         3
 Arcjolt                  Conj/Air       14%        1d24      56%         5
 Silence                  Hex/Air        14%        N/A       56%         5
 Anguish                  Hex/Necr       6%         N/A       63%         4
 Brom's Barrelling Bould  Conj/Erth      13%        2d4       63%         4
 Cause Fear               Hex            6%         N/A       63%         4
 Dispel Undead            Necr           13%        3d9       63%         4
 Flame Wave               Conj/Fire      13%        2d6       63%         4
 Olgreb's Toxic Radiance  Alch           13%        N/A       63%         4
 Sticky Flame             Fire/Alch      13%        2d5       63%         4
 Metabolic Englaciation   Hex/Ice        12%        N/A       65%         5
 Disjunction              Tloc           35%        N/A       87%         8
 Haunt                    Necr/Summ      27%        N/A       91%         7
 Alistair's Intoxication  Alch           8%         N/A       93%         5
 Borgnjor's Vile Clutch   Necr/Erth      6%         N/A       93%         5
 Curse of Agony           Necr           13%        N/A       93%         5
 Irradiate                Conj/Alch      6%         3d13      93%         5
 Lee's Rapid Deconstruct  Erth           6%         3d6*      93%         5
 Yara's Violent Unravell  Hex/Alch       6%         3d5       93%         5
 Plasma Beam              Fire/Air       14%        2x1d25    98%         6
 Sculpt Simulacrum        Ice/Alch       12%        N/A       99%         6
 Death Channel            Necr           6%         N/A       100%        6
 Starburst                Conj/Fire      6%         6d4       100%        6
 Enfeeble                 Hex            6%         N/A       100%        7
 Ozocubu's Refrigeration  Ice            19%        4d11      100%        7
 Borgnjor's Revivificati  Necr           6%         N/A       100%        8
 Ignition                 Fire           6%         3d4       100%        8
 Maxwell's Capacitive Co  Air            21%        ∞         100%        8
 Death's Door             Necr           6%         N/A       100%        9
 Dragon's Call            Summ           39%        N/A       100%        9
 Polar Vortex             Ice            19%        12d2*     100%        9
 Animate Armour           Summ/Erth      Unusable   N/A       N/A         4
 Animate Dead             Necr           Unusable   N/A       N/A         4

Dungeon Overview and Level Annotations

Branches:
Dungeon (15/15)            Temple (0/1) D:7            Lair (5/5) D:9
  Swamp (4/4) Lair:2        Snake (4/4) Lair:2        Slime (0/5) Lair:5
    Orc (2/2) D:10            Elf (3/3) Orc:2        Vaults (5/5) D:14
  Crypt (3/3) Vaults:3       Tomb (0/3) Crypt:3      Depths (4/4) D:15
    Zot (5/5) Depths:4      Sewer (visited)          Bailey (visited)
  IceCv (visited)          WizLab (visited)         Gauntlet (visited)

Altars:
Elyvilon
Fedhas
Gozag
Makhleb
Nemelex Xobeh
Ru
Sif Muna
Vehumet
Wu Jian
Xom
Yredelemnul
Zin
Jiyva

Shops:
Orc:1 :   Orc:2 [(*(   Elf:1 [   Elf:2 *   Elf:3 ==::   Snake:2 ![[   Snake:4 [
Vaults:1 !   Vaults:2 ?   Vaults:3 =   Vaults:4 =[   Vaults:5 *   Depths:1 [

Portals:
Hell: Depths:1 Depths:2 Depths:3 Depths:4
Abyss: Swamp:4 Depths:3 Depths:4
Pandemonium: Depths:1 Depths:2
Ziggurat: Depths:3

Annotations:
D:5 exclusion: oklob plant
D:13 1 exclusion
Lair:5 exclusion: obsidian statue
Crypt:2 exclusions: 2 doom hounds, phantasmal warrior and skeleton, Grunn
Depths:1 exclusion: orange crystal statue
Zot:3 3 runed translucent doors, Fuysiosk's ghost, legendary OnFi; Visuc's ghost, master GrBe


Innate Abilities, Weirdness & Mutations

You are a living statue of rough stone.
Your actions are slow, but your melee attacks are powerful.
You are resistant to unholy torment.
Your maximum health is greatly increased.
You cannot wear most types of armour.
You are amphibious.
You can wear up to eight rings at the same time.
You are immune to poison.
Your skin changes colour to match your surroundings (Stealth+).
((Your rubbery body absorbs attacks. (AC +1, EV +1)))
((You are camouflaged when in or above water. (Stealth+)))
You have tentacles for arms and can constrict up to eight enemies at once.
You possess an exceptional clarity of mind.
Your flesh is cold resistant. (rC+)
Your natural rate of healing is unusually fast.


Message History

You see here a +0 dagger.
There is a stone staircase leading up here.
You fly upwards.
There is a stone staircase leading down here.
There is a stone staircase leading up here.
You fly upwards.
There is a stone staircase leading down here.
A reaper comes into view.
It is wielding a +2 scythe of protection.
Unknown command.
You block the reaper's attack. x2
The reaper attacks as it pursues you! You block the reaper's attack.
The reaper completely misses you. The reaper attacks as it pursues you!
You block the reaper's attack. x2
The reaper attacks as it pursues you! The reaper barely misses you.
The reaper hits you but does no damage.
There is a stone staircase leading up here.
The reaper closely misses you.
You fly upwards.
There is a stone staircase leading down here.
What level of the Dungeon? (default 1, ? - help) You're already here!
A sun demon comes into view.
The sun demon attacks as it pursues you!
The sun demon completely misses you.
The sun demon attacks as it pursues you!
You block the sun demon's attack. The sun demon completely misses you.
You closely miss the sun demon. You grab the sun demon.
You squeeze the sun demon! You constrict the sun demon.
You block the sun demon's attack.
You completely miss the sun demon.
You squeeze the sun demon, but do no damage.
You constrict the sun demon, but do no damage.
The sun demon completely misses you. You block the sun demon's attack.
You carve the sun demon like a ham!!!
You kill the sun demon!
No target in view!
You see here a +0 robe.
There is an open gate here.
There is a staircase leading out of the dungeon here.
You have escaped!

≈≈~~....♣# ≈≈≈~....♣#
≈~~..(..P# ≈≈.......#
≈~~~....P#
≈≈~.....♣######
≈≈≈......♣P.P.♣
≈≈~≈..........♣♣♣♣
≈≈≈....P.♣.....♣I♣
≈≈≈≈............P♣
≈≈≈≈~............♣
≈≈≈≈~~...........♣
≈≈≈≈~≈~≈~..~≈..♣♣♣♣
≈≈≈≈≈≈≈≈~~~≈~~~≈≈≈♣
≈≈≈≈≈≈≈≈≈≈≈≈≈≈≈≈≈≈♣
≈≈≈≈≈≈≈≈≈≈≈≈≈≈≈≈≈≈≈≈≈♣
######################


There were no monsters in sight!

Vanquished Creatures
  3 dread liches
  Frederick (Depths:3)
  3 ancient liches
  5 orbs of fire (Zot:5)
  2 juggernauts
  Boris (twice) (Depths:2 Depths:4)
  Josephina (Depths:3)
  Saint Roka (Depths:1)
  Margery (Crypt:1)
  Vashnia (Snake:4)
  9 golden dragons
  Jory (Vaults:4)
  2 bone dragons
  the Enchantress (Depths:3)
  An electric golem (Zot:5)
  Nikola (Swamp:1)
  A Cloud Mage (WizLab)
  A hellephant (Crypt:1)
  A walking crystal tome (Depths:3)
  Jorgrun (D:14)
  5 tentacled monstrosities
  7 Orb Guardians
  A Hell Sentinel (Swamp:4)
  Zenata (Vaults:4)
  5 liches
  A walking earthen tome (Depths:3)
  5 quicksilver dragons
  A deep elf master archer (Elf:3)
  A walking divine tome (Depths:2)
  4 titans
  3 ancient champions (Crypt:2)
  An Ice Fiend (D:15)
  3 deep elf blademasters
  Frances (Elf:1)
  An eldritch tentacle (Zot:1)
  9 sphinxes
  3 death cobs
  The ghost of anansati the Fighter, an adept DsGl of Qazlal (Swamp:4)
  12 storm dragons
  7 tengu reavers
  7 draconian monks
  10 shadow dragons
  Donald (Vaults:4)
  Aizul (Snake:4)
  4 protean progenitors
  4 revenants
  A fenstrider witch (Swamp:2)
  15 fire giants
  An azure jelly (Swamp:4)
  7 frost giants
  The ghost of tensugalgo the Carver, an adept CoBr of Makhleb (Snake:4)
  7 nagarajas (Snake:4)
  3 deep elf sorcerers
  7 draconian knights
  4 draconian shifters (Zot:1)
  A balrug (Depths:1)
  2 iron dragons
  2 deep elf elementalists (Elf:3)
  14 vault wardens
  2 curse skulls
  An orc warlord (Vaults:4)
  Louise (Snake:4)
  4 ghouls
  9 draconian annihilators
  9 ironbound preservers
  5 formless jellyfish
  9 very ugly things
  17 stone giants
  3 spriggan defenders
  7 ironbound thunderhulks
  6 vampire knights
  2 green draconians
  A lorocyproca (Depths:2)
  11 dire elephants
  4 black draconians
  13 deep elf death magi
  2 purple draconians
  2 deep elf demonologists (Elf:3)
  13 red draconians
  4 eleionomae
  4 spark wasps
  4 white draconians
  A bunyip (Swamp:3)
  11 war gargoyles
  A minotaur (Gauntlet)
  10 deep elf annihilators
  Azrael (D:14)
  6 eidola
  5 yellow draconians
  5 blizzard demons
  13 ettins
  6 crystal guardians
  10 fire dragons
  6 jiangshi
  2 shambling mangroves
  An entropy weaver (Vaults:4)
  8 yaktaur captains
  A spriggan zombie (Crypt:3)
  A catoblepas (Lair:5)
  9 great orbs of eyes
  5 deep elf high priests
  12 ice dragons
  28 vault guards
  2 peacekeepers
  Fannar (D:10)
  A fenstrider witch zombie (Crypt:3)
  A salamander tyrant (Snake:4)
  Harold (Orc:1)
  6 hydras
  Erolcha (Orc:1)
  6 ironbound frosthearts
  An ogre mage (D:14)
  4 alligators
  3 ghost crabs (WizLab)
  5 rakshasas
  15 centaur warriors
  A fenstrider witch skeleton (Crypt:3)
  6 spriggan air magi
  The ghost of rigrig the Cleaver, a novice MDMo of Beogh (D:8)
  4 boulder beetles
  3 death knights
  26 dancing weapons
  4 spriggan skeletons
  10 two-headed ogres
  6 deep troll shamans
  7 anacondas
  3 tengu warriors
  10 naga warriors
  11 death yaks
  8 deep troll earth magi
  Urug (Lair:3)
  3 occultists
  2 soul eaters
  7 orc high priests
  4 vampire magi
  A demonic crawler (D:14)
  A quicksilver ooze zombie (Crypt:1)
  A hell hog (Swamp:4)
  19 hell knights
  A thrashing horror (Swamp:4)
  The ghost of flinch the Martial Artist, a novice OpSh of Vehumet (D:10)
  5 sun demons
  2 titan zombies
  18 naga sharpshooters
  8 shock serpents
  7 spriggan berserkers
  An emperor scorpion zombie (Crypt:2)
  15 deep elf knights
  32 skeletal warriors
  A shadow wraith (Crypt:2)
  A death drake (WizLab)
  7 salamander mystics
  A sixfirhy (D:7)
  2 skysharks (Lair:5)
  A titan skeleton (Vaults:5)
  7 iron trolls
  A bunyip zombie (Crypt:3)
  A spectral death yak (Lair:5)
  2 golden dragon zombies (Crypt:3)
  An orb spider (shapeshifter) (D:13)
  29 deep trolls
  A spectral anaconda (Lair:5)
  6 goliath frogs
  Lodul (D:11)
  3 large abominations (Depths:3)
  5 glowing orange brains
  A sea snake (Snake:4)
  4 spriggan druids
  5 bog bodies
  10 naga ritualists
  A steelbarb worm (shapeshifter) (Vaults:5)
  15 mana vipers
  An orange crystal statue (Zot:5)
  8 swamp dragons
  14 deep elf archers
  A mana viper (shapeshifter) (Vaults:5)
  8 arcanists
  2 flayed ghosts (Crypt:2)
  An anaconda skeleton (Crypt:2)
  An iron dragon zombie (Crypt:3)
  15 ironbound convokers
  9 salamanders
  15 orc knights
  A sun moth (shapeshifter) (Vaults:5)
  15 necromancers
  13 harpies
  2 lightning spires (Gauntlet)
  25 deep elf pyromancers
  20 deep elf zephyrmancers
  A wolf spider zombie (Crypt:2)
  5 cyclopes
  A faun (shapeshifter) (Vaults:5)
  4 will-o-the-wisps
  A wolf spider (shapeshifter) (Vaults:5)
  A manticore (D:12)
  14 elephants
  Maurice (D:11)
  An orc sorcerer (Depths:1)
  A goliath frog skeleton (Crypt:2)
  33 ugly things
  An ice statue (IceCv)
  7 apocalypse crabs
  2 centaur zombies
  A meliai (D:15)
  3 dire elephant zombies
  15 moths of wrath
  20 naga magi
  31 black mambas
  A water nymph (shapeshifter) (Vaults:1)
  18 vault sentinels
  3 water nymphs (Zot:5)
  12 cane toads
  2 smoke demons
  2 centaur skeletons
  A naga skeleton (Crypt:3)
  6 nameless horrors
  2 rime drakes
  An unseen horror (shapeshifter) (Elf:3)
  2 unseen horrors (Depths:3)
  3 dire elephant skeletons
  14 yaktaurs
  A kobold demonologist (D:11)
  6 tengu conjurers
  A white draconian zombie (Crypt:2)
  8 komodo dragons
  6 freezing wraiths
  A tormentor (Depths:2)
  A red devil (D:15)
  A minotaur zombie (Gauntlet)
  A green draconian skeleton (Crypt:2)
  A tengu simulacrum (Depths:3)
  A harpy zombie (Crypt:3)
  11 tyrant leeches
  14 polar bears
  9 trolls
  10 hornets
  A troll (shapeshifter) (D:13)
  6 wind drakes (WizLab)
  11 blink frogs
  Prince Ribbit (D:7)
  A tarantella (Vaults:4)
  A harpy skeleton (Crypt:3)
  An iron dragon simulacrum (Depths:3)
  3 raiju
  3 snapping turtles (Zot:1)
  A spectral elephant (Lair:5)
  2 glass eyes
  2 fire giant simulacra
  2 centaur simulacra (Gauntlet)
  18 slime creatures
  2 shadows
  8 small abominations (Depths:3)
  5 water elementals
  12 spriggans
  11 air elementals
  6 wraiths
  21 yaks
  2 vampires
  A wyvern (Lair:5)
  A slime creature zombie (Crypt:2)
  A basilisk (D:14)
  A fire bat (Orc:1)
  5 fire elementals
  3 wargs
  3 humans (D:14)
  4 swamp worm simulacra (Swamp:4)
  3 hogs (Lair:5)
  2 redbacks (Vaults:4)
  A steam dragon (D:7)
  20 vampire mosquitoes
  2 chaos spawn (Depths:3)
  2 spectral cane toads (Lair:5)
  18 swamp worms
  13 hydra simulacra (Swamp:4)
  9 water moccasins
  35 nagas
  6 hell hounds
  An acid dragon (D:9)
  33 orc warriors
  4 swamp drakes
  2 ice beasts
  2 sky beasts
  11 ogres
  36 laughing skulls
  25 wolves
  A boggart (Vaults:1)
  2 elephant skeletons (Lair:5)
  14 centaurs
  2 phantoms
  A lemure (D:5)
  A komodo dragon zombie (Crypt:2)
  13 bullfrogs
  3 cane toad simulacra
  A salamander skeleton (Crypt:2)
  3 earth elementals
  7 wights
  A warg skeleton (Crypt:2)
  8 killer bees
  2 elephant simulacra (Lair:5)
  3 troll zombies (D:10)
  A troll skeleton (Crypt:1)
  7 howler monkeys
  3 electric eels
  A bombardier beetle (D:7)
  19 orc priests
  4 hounds (D:9)
  A gnoll bouda (D:9)
  2 jellies
  Jessica (D:3)
  A human skeleton (Crypt:2)
  An iguana (D:6)
  12 orc wizards
  An ogre zombie (D:10)
  An ogre skeleton (Crypt:1)
  A hound skeleton (Crypt:1)
  3 adders
  2 gnolls
  A ribbon worm zombie (Crypt:2)
  3 shadow imps
  4 swamp drake simulacra (Swamp:4)
  A lava snake skeleton (Crypt:1)
  An iguana skeleton (Crypt:1)
  A ribbon worm (D:4)
  2 dart slugs
  70 orcs
  7 endoplasms
  3 giant cockroaches
  3 gnoll zombies (D:10)
  5 hobgoblins
  5 jackals
  5 kobolds
  2 training dummies (D:6)
  7 ball pythons
  4 bats
  6 frilled lizards
  2 gnoll skeletons (D:10)
  5 goblins
  4 orc skeletons (D:10)
  7 orc zombies (D:10)
  A quokka skeleton (Crypt:1)
  2 rats
1931 creatures vanquished.

Vanquished Creatures (collateral kills)
  An orb of fire (Zot:5)
  An ancient lich (Vaults:5)
  Boris (Elf:3)
  A deep elf master archer (Elf:3)
  A quicksilver dragon (Zot:1)
  4 Orb Guardians (Zot:5)
  A sphinx (Vaults:5)
  An eldritch tentacle (Zot:5)
  Kirke (Lair:5)
  2 storm dragons
  A draconian knight (Zot:4)
  A frost giant (D:13)
  2 draconian shifters (Zot:1)
  A vault warden (Vaults:5)
  A draconian stormcaller (Zot:1)
  A spriggan defender (Depths:3)
  A stone giant (Vaults:5)
  2 black draconians
  A deep elf annihilator (Elf:3)
  A war gargoyle (Vaults:5)
  A dire elephant (Lair:5)
  A red draconian (Zot:5)
  3 purple draconians (Zot:4)
  A white draconian (Zot:4)
  2 yellow draconians (Zot:1)
  2 yaktaur captains (Vaults:5)
  A fire dragon (Lair:3)
  2 hydras
  A centaur warrior (Vaults:3)
  An ironbound frostheart (IceCv)
  A vault guard (D:14)
  A catoblepas (D:13)
  3 dancing weapons
  A death yak (Lair:4)
  2 two-headed ogres
  An occultist (Depths:2)
  A spriggan berserker (Depths:2)
  2 hell knights
  2 deep elf knights (Elf:2)
  Nergalle (Orc:1)
  A naga sharpshooter (Snake:4)
  A skyshark (Lair:4)
  3 deep elf archers
  An arcanist (D:13)
  2 deep trolls (Vaults:4)
  Pikel (D:5)
  3 orc knights
  A necromancer (Lair:5)
  An ironbound convoker (Vaults:5)
  An ugly thing (D:12)
  An oklob plant (Lair:3)
  5 deep elf pyromancers
  7 deep elf zephyrmancers
  A shining eye (shapeshifter) (Vaults:1)
  A manticore (D:12)
  2 salamanders
  2 meliai (D:15)
  A vault sentinel (Vaults:5)
  2 black mambas
  6 elephants
  2 cane toads
  3 moths of wrath (Zot:1)
  A kobold blastminer (Orc:1)
  A guardian serpent (Snake:1)
  An orange demon (Orc:1)
  3 komodo dragons (Lair:5)
  2 yaktaurs
  A troll (D:9)
  6 blink frogs
  A hornet (Depths:4)
  2 polar bears
  A centaur simulacrum (D:15)
  2 slime creatures (D:10)
  Sigmund (D:5)
  11 yaks
  A wraith (D:9)
  2 hogs (Lair:5)
  2 spriggans
  A human (D:14)
  A nameless horror (D:15)
  A warg (Orc:1)
  A steam dragon (D:7)
  A wyvern (D:8)
  2 vampire mosquitoes (D:12)
  2 acid dragons
  A naga (Snake:4)
  Pargi (Sewer)
  5 water moccasins
  12 orc warriors
  A laughing skull (Crypt:3)
  2 black bears
  A human zombie (Vaults:5)
  2 ice beasts
  5 ogres
  5 wolves
  4 centaurs
  3 lemures (D:5)
  A phantom (D:5)
  A brain worm (Sewer)
  A bullfrog (Lair:2)
  An earth elemental (Elf:1)
  3 wights (D:8)
  A troll zombie (D:10)
  A killer bee (D:11)
  3 howler monkeys
  An electric eel (D:9)
  2 hounds
  3 jellies (Lair:5)
  18 orc priests
  A sleepcap (D:5)
  3 iguanas
  13 orc wizards
  3 ogre zombies (D:10)
  5 gnolls
  6 adders (D:4)
  3 river rats (D:4)
  5 ribbon worms
  46 orcs
  5 endoplasms (Lair:5)
  2 gnoll zombies (D:10)
  2 goblins (D:9)
  A hobgoblin (D:4)
  2 quokkas (D:4)
  A gnoll skeleton (D:10)
  An orc skeleton (D:10)
  5 orc zombies (D:10)
  2 rats (D:4)
335 creatures vanquished.

Vanquished Creatures (others)
  A dread lich (Zot:5)
  An ancient lich (Zot:5)
  An orb of fire (Zot:5)
  2 Killer Klowns (Zot:5)
  A tentacled monstrosity (Zot:5)
  An electric golem (Zot:5)
  A lich (Vaults:5)
  15 Orb Guardians (Zot:5)
  A death cob (Zot:5)
  A tengu reaver (Vaults:5)
  5 eldritch tentacles
  A storm dragon (Zot:5)
  A protean progenitor (Zot:5)
  A vault warden (Vaults:5)
  A draconian knight (Zot:1)
  A frost giant (Vaults:5)
  A reaper (Zot:3)
  An ironbound preserver (Vaults:5)
  An eleionoma (Swamp:2)
  A stone giant (Vaults:5)
  A black draconian (Zot:3)
  A spark wasp (WizLab)
  A war gargoyle (Vaults:1)
  A fire dragon (Zot:5)
  A yaktaur captain (Vaults:5)
  2 spriggan air magi (WizLab)
  A ghost crab (WizLab)
  A tengu warrior (Depths:1)
  An occultist (Depths:1)
  A naga sharpshooter (Snake:4)
  A naga warrior (Snake:4)
  2 hell knights
  A death drake (WizLab)
  2 deep trolls (Zot:5)
  An ironbound convoker (Vaults:5)
  A flayed ghost (Vaults:5)
  A necromancer (Vaults:5)
  A phantasmal warrior (Vaults:5)
  An ugly thing (D:14)
  3 moths of wrath
  A faun (shapeshifter) (Vaults:5)
  2 vault sentinels (Vaults:5)
  A black mamba (Lair:2)
  An orange demon (Depths:4)
  A human zombie (Vaults:5)
  5 yaktaurs (Vaults:5)
  A shadow dragon simulacrum (Depths:3)
  6 bloated husks
  3 air elementals (WizLab)
  A yak (D:9)
  An elf zombie (Vaults:5)
  2 vampire mosquitoes (Swamp:2)
  A swamp worm (Swamp:2)
  A naga (Snake:4)
  An orc warrior (Vaults:5)
  A laughing skull (Crypt:1)
  13 foxfires
  16 snaplasher vines
122 creatures vanquished.

Grand Total: 2388 creatures vanquished

Notes
Turn   | Place    | Note
-------+----------+-------------------------------------------
     0 | D:1      | kakafuego the Octopode Wanderer began the quest for the
                  | Orb.
     0 | D:1      | kakafuego set off with the following items: a +0 dagger, a
                  | potion of brilliance, a wand of flame (4), a potion of
                  | berserk rage, a potion of haste {@q4}; and the following
                  | spell memorised: Summon Small Mammal; and the following
                  | spells available to memorise: Summon Ice Beast.
     0 | D:1      | Reached XP level 1. HP: 11/11 MP: 2/2
   178 | D:1      | Reached skill level 1 in Fighting
   189 | D:1      | Reached XP level 2. HP: 14/18 MP: 3/3
   401 | D:1      | Reached skill level 2 in Fighting
   666 | D:2      | Reached XP level 3. HP: 24/24 MP: 4/4
   777 | D:2      | Reached skill level 1 in Ice Magic
  1462 | D:2      | Learned a level 3 spell: Summon Ice Beast
  1536 | D:3      | Reached XP level 4. HP: 21/29 MP: 6/6
  1819 | D:3      | Noticed a sky beast
  1861 | D:3      | Killed a sky beast
  1862 | D:3      | Reached XP level 5. HP: 34/34 MP: 5/8
  1966 | D:3      | Noticed Jessica
  1970 | D:3      | Killed Jessica
  2565 | D:4      | Reached XP level 6. HP: 39/39 MP: 6/9
  2718 | D:4      | HP: 1/39 [centaur/arrow (13)]
  2732 | D:4      | Reached skill level 5 in Summonings
  2868 | D:4      | Reached XP level 7. HP: 23/45 MP: 6/11
  2900 | D:4      | Found a glowing drain.
  2911 | Sewer    | Entered a sewer
  2999 | Sewer    | Noticed Pargi
  3012 | Sewer    | Killed Pargi
  3013 | Sewer    | Reached skill level 1 in Dodging
  3135 | D:4      | Reached skill level 3 in Fighting
  3652 | D:5      | Entered Level 5 of the Dungeon
  3666 | D:5      | Noticed Pikel
  3669 | D:5      | Reached XP level 8. HP: 47/54 MP: 10/12
  3800 | D:5      | Reached skill level 4 in Fighting
  3853 | D:5      | Noticed Sigmund
  3863 | D:5      | Killed Sigmund
  3885 | D:5      | Reached skill level 5 in Fighting
  4335 | D:5      | Reached skill level 6 in Fighting
  4335 | D:5      | Killed Pikel
  4336 | D:5      | Reached skill level 7 in Fighting
  4336 | D:5      | Reached XP level 9. HP: 44/64 MP: 7/13
  4515 | D:5      | Found a blossoming altar of Fedhas.
  4537 | D:5      | Noticed an oklob plant
  4913 | D:6      | Reached skill level 1 in Long Blades
  5012 | D:6      | Reached skill level 5 in Dodging
  5161 | D:6      | Found a sparkling altar of Nemelex Xobeh.
  5165 | D:6      | Found a shimmering blue altar of Sif Muna.
  5169 | D:6      | Found an opulent altar of Gozag.
  5249 | D:6      | Became a worshipper of Gozag Ym Sagoz the Greedy
  5504 | D:6      | Found a glowing silver altar of Zin.
  5852 | D:7      | Found a staircase to the Ecumenical Temple.
  5926 | D:7      | Reached skill level 8 in Fighting
  6436 | D:7      | Noticed Prince Ribbit
  6449 | D:7      | Killed Prince Ribbit
  6450 | D:7      | Reached skill level 5 in Long Blades
  6450 | D:7      | Reached XP level 10. HP: 72/72 MP: 11/14
  6786 | D:8      | Noticed a two-headed ogre
  6798 | D:8      | Killed a two-headed ogre
  7240 | D:8      | Found a runed translucent gate.
  7240 | D:8      | Found a runed translucent gate.
  7240 | D:8      | Found a runed translucent gate.
  7242 | D:8      | Found an opulent altar of Gozag.
  7245 | D:8      | Noticed rigrig's ghost (novice MDMo)
  7467 | D:9      | Paralysed by a hornet for 2 turns
  7602 | D:9      | Reached skill level 9 in Fighting
  7602 | D:9      | Reached skill level 1 in Shields
  7695 | D:9      | Found a flagged portal.
  7701 | Bailey   | Entered a bailey
  7786 | Bailey   | Reached XP level 11. HP: 78/80 MP: 12/15
  8732 | D:9      | Learned a level 3 spell: Passwall
  8966 | D:9      | Noticed a two-headed ogre
  8973 | D:9      | Killed a two-headed ogre
  9406 | D:9      | Found a staircase to the Lair.
  9562 | D:9      | Reached skill level 10 in Long Blades
 10038 | D:9      | Identified a scroll of acquirement
 10050 | D:10     | Entered Level 10 of the Dungeon
 10056 | D:10     | Noticed a two-headed ogre
 10063 | D:10     | Killed a two-headed ogre
 10064 | D:10     | Reached skill level 5 in Shields
 10462 | D:10     | Found a staircase to the Orcish Mines.
 11159 | D:10     | Noticed Fannar
 11170 | D:10     | Killed Fannar
 11171 | D:10     | Reached XP level 12. HP: 73/85 MP: 18/18
 11261 | D:10     | Found a runed translucent door.
 11544 | D:10     | Noticed flinch's ghost (novice OpSh)
 11667 | D:11     | Noticed Lodul
 11720 | D:11     | Killed Lodul
 11894 | D:11     | Noticed a two-headed ogre
 11905 | D:11     | Killed a two-headed ogre
 11990 | D:11     | Noticed a two-headed ogre
 12005 | D:11     | Killed a two-headed ogre
 12145 | D:11     | Noticed Maurice
 12150 | D:11     | Killed Maurice
 12422 | D:12     | Found a frozen archway.
 12440 | IceCv    | Entered an ice cave
 12513 | IceCv    | Reached skill level 10 in Fighting
 12921 | IceCv    | Noticed a death yak
 12926 | IceCv    | Noticed a death yak
 12936 | IceCv    | Killed a death yak
 12942 | IceCv    | Killed a death yak
 12943 | IceCv    | Reached XP level 13. HP: 64/94 MP: 19/19
 13094 | IceCv    | Reached skill level 11 in Fighting
 13461 | IceCv    | Reached skill level 10 in Shields
 13520 | IceCv    | Identified the +7 battleaxe of the Radish {holy, Int+3}
 13539 | IceCv    | Got Kevio's Disquisition on Freezing
 14487 | D:12     | Reached skill level 12 in Fighting
 14644 | D:12     | Acquired the Encyclopedia of the Eternal Void
 14648 | D:12     | Learned a level 2 spell: Blink
 14655 | D:12     | Learned a level 5 spell: Summon Forest
 14655 | D:12     | Reached skill level 5 in Spellcasting
 14655 | D:12     | Reached XP level 14. HP: 103/103 MP: 19/21
 14720 | Lair:1   | Entered Level 1 of the Lair of Beasts
 14819 | Lair:1   | You fall into a shaft and drop 1 floor!
 14835 | Lair:2   | Reached skill level 5 in Translocations
 15003 | Lair:2   | Found a gate leading to a gauntlet.
 15009 | Gauntlet | Entered a Gauntlet
 15009 | Gauntlet | Found a transporter.
 15009 | Gauntlet | Found a transporter.
 15048 | Gauntlet | Found a transporter.
 15048 | Gauntlet | Found a transporter.
 15074 | Gauntlet | Found a large runed translucent door.
 15074 | Gauntlet | Found a transporter.
 15075 | Gauntlet | Found a large runed translucent door.
 15076 | Gauntlet | Found a large runed translucent door.
 15076 | Gauntlet | Found a large runed translucent door.
 15077 | Gauntlet | Found a transporter.
 15078 | Gauntlet | Found a runed translucent gate.
 15079 | Gauntlet | Found a transporter.
 15079 | Gauntlet | Found a transporter.
 15079 | Gauntlet | Found a runed translucent gate.
 15089 | Gauntlet | Found a runed translucent gate.
 15090 | Gauntlet | Found the +10 dark maul {heavy}
 15091 | Gauntlet | Found a large runed translucent door.
 15092 | Gauntlet | Found a large runed translucent door.
 15096 | Gauntlet | Found a large runed translucent door.
 15097 | Gauntlet | Found a large runed translucent door.
 15103 | Gauntlet | Found a large runed translucent door.
 15103 | Gauntlet | Found a large runed translucent door.
 15103 | Gauntlet | Found a runed translucent door.
 15103 | Gauntlet | Found a runed translucent door.
 15104 | Gauntlet | Found a large runed translucent door.
 15105 | Gauntlet | Found a large runed translucent door.
 15123 | Gauntlet | Found a transporter.
 15156 | Gauntlet | Found a transporter.
 15166 | Gauntlet | Found a transporter.
 15184 | Gauntlet | Found a transporter.
 15193 | Gauntlet | Found a transporter.
 15195 | Gauntlet | Found a large runed translucent door.
 15196 | Gauntlet | Found a large runed translucent door.
 15197 | Gauntlet | Found a large runed translucent door.
 15198 | Gauntlet | Found a large runed translucent door.
 15280 | Gauntlet | Found a transporter.
 15296 | Gauntlet | Found a transporter.
 15308 | Gauntlet | Found a transporter.
 15567 | Gauntlet | Identified the ring "Xefyk" {Fly rF+ Will+ Str-4}
 16099 | Gauntlet | Identified the +1 great mace of War {freeze, rElec}
 16368 | Lair:2   | Found a staircase to the Snake Pit.
 16477 | Lair:2   | Identified the +5 long sword "Killer Klown's Foe" {freeze,
                  | rElec rCorr Str+4}
 16869 | Lair:2   | Found a staircase to the Swamp.
 17963 | Lair:3   | Reached XP level 15. HP: 108/108 MP: 24/24
 18495 | Lair:3   | Noticed Urug
 18508 | Lair:3   | Killed Urug
 18579 | Lair:3   | Found a burning altar of Makhleb.
 18594 | Lair:3   | Acquired 795 gold pieces
 19950 | Lair:4   | Found a basalt altar of Yredelemnul.
 20238 | Lair:5   | Entered Level 5 of the Lair of Beasts
 20530 | Lair:5   | Noticed Kirke
 20549 | Lair:5   | Killed Kirke
 20550 | Lair:5   | Reached skill level 10 in Summonings
 20620 | Lair:5   | Found a staircase to the Slime Pits.
 20631 | Lair:5   | Reached skill level 10 in Dodging
 20870 | Lair:5   | Found a viscous altar of Jiyva.
 21374 | Lair:5   | Identified the +4 dire flail of Fear {holy, rElec rPois
                  | Str+2 Dex+4}
 21872 | Lair:5   | Reached XP level 16. HP: 115/115 MP: 22/25
 22516 | D:13     | Noticed a storm dragon
 22606 | D:14     | Found a white marble altar of Elyvilon.
 22812 | D:14     | Noticed Jorgrun
 23103 | D:14     | Noticed Azrael
 23171 | D:14     | Killed Azrael
 23605 | D:14     | Reached skill level 13 in Fighting
 23615 | D:14     | Found a gate to the Vaults.
 23838 | D:15     | Entered Level 15 of the Dungeon
 25603 | D:15     | Found a staircase to the Depths.
 25651 | D:15     | Found an ornate altar of the Wu Jian Council.
 26404 | Orc:1    | Entered Level 1 of the Orcish Mines
 26404 | Orc:1    | Noticed Erolcha
 26414 | Orc:1    | Killed Erolcha
 26794 | Orc:1    | Found a shimmering altar of Xom.
 26879 | Orc:2    | Entered Level 2 of the Orcish Mines
 26902 | Orc:2    | Reached skill level 14 in Fighting
 27234 | Orc:2    | Found a staircase to the Elven Halls.
 27461 | Orc:2    | Reached XP level 17. HP: 90/125 MP: 13/26
 28748 | Orc:2    | Found Vuan's Antique Armour Shoppe.
 28751 | Orc:2    | Found Itung's Assorted Antiques.
 28752 | Orc:2    | Found Paodon's Weapon Shoppe.
 28753 | Orc:2    | Found Orioh's Weapon Shoppe.
 28757 | Orc:2    | Bought a potion of lignification for 78 gold pieces
 28757 | Orc:2    | Bought a potion of lignification for 78 gold pieces
 28757 | Orc:2    | Bought a potion of might for 104 gold pieces
 28757 | Orc:2    | Bought a bronze ring for 130 gold pieces
 28757 | Orc:2    | Bought a scroll of blinking for 195 gold pieces
 28953 | Orc:1    | Noticed Nergalle
 28953 | Orc:1    | Noticed Harold
 28964 | Orc:1    | Killed Nergalle
 28975 | Orc:1    | Found Ewerch's Book Shoppe.
 28981 | Orc:1    | Reached skill level 1 in Shapeshifting
 28994 | Orc:1    | Killed Harold
 29168 | Orc:1    | Learned a level 3 spell: Ozocubu's Armour
 30433 | D:13     | Noticed a sphinx
 30442 | D:13     | Killed a sphinx
 31154 | D:8      | Killed rigrig's ghost
 31220 | D:8      | Learned a level 4 spell: Passage of Golubria
 31483 | Elf:1    | Entered Level 1 of the Elven Halls
 31557 | Elf:1    | Noticed Frances
 31566 | Elf:1    | Reached skill level 5 in Shapeshifting
 31574 | Elf:1    | Killed Frances
 31595 | Elf:1    | Reached skill level 15 in Fighting
 31774 | Elf:1    | Identified the +6 quarterstaff of Righteous Anger {freeze,
                  | Int+7 Stlth+}
 32299 | Elf:1    | Found Ypeeh's Antique Armour Boutique.
 32691 | Elf:2    | Paralysed by an air elemental for 1 turns
 32751 | Elf:2    | Paralysed by an air elemental for 1 turns
 32789 | Elf:2    | Found a flickering gateway to a bazaar.
 32833 | Elf:2    | Noticed a deep elf blademaster
 32844 | Elf:2    | Killed a deep elf blademaster
 32849 | Elf:2    | Reached XP level 18. HP: 115/134 MP: 21/28
 32858 | Elf:2    | Found a runed translucent gate.
 32858 | Elf:2    | Found a runed translucent gate.
 32859 | Elf:2    | Found a runed translucent gate.
 32992 | Bazaar   | Entered a bazaar
 33074 | Bazaar   | Found Xer Dext's Armour Shop.
 33107 | Bazaar   | Found Fopn's Antique Armour Shop.
 33116 | Bazaar   | Found Qayj Daxt's Magic Scroll Emporium.
 33124 | Bazaar   | Bought a scroll of teleportation for 27 gold pieces
 33124 | Bazaar   | Bought a scroll of enchant weapon for 67 gold pieces
 33124 | Bazaar   | Bought a scroll of acquirement for 468 gold pieces
 33124 | Bazaar   | Acquired 1127 gold pieces
 33143 | Bazaar   | Found Fagid's Armour Shoppe.
 33532 | Elf:2    | Found Zunaloam's Gadget Gallery.
 33545 | Elf:2    | Paralysed by an air elemental for 1 turns
 33550 | Elf:2    | Paralysed by an air elemental for 1 turns
 33988 | Elf:3    | Entered Level 3 of the Elven Halls
 34096 | Elf:3    | Found Huarem's Jewellery Emporium.
 34105 | Elf:3    | Identified the +2 robe of Levity {Int+8 Stlth-}
 34105 | Elf:3    | Noticed Boris
 35148 | Elf:3    | Reached skill level 16 in Fighting
 35409 | Elf:3    | Found Ulifa's Jewellery Shoppe.
 35409 | Elf:3    | Found Xilunaet's Book Shop.
 35410 | Elf:3    | Found Hofal's Book Shop.
 35758 | Elf:3    | Noticed a deep elf blademaster
 35768 | Elf:3    | Killed a deep elf blademaster
 35769 | Elf:3    | Reached skill level 10 in Shapeshifting
 35883 | Elf:3    | Killed Boris
 36075 | Elf:3    | Identified the +5 rapier "Ruamust" {freeze, rElec}
 36219 | Elf:3    | Identified the ring of Kubat {rElec Int+6}
 36219 | Elf:3    | Noticed a deep elf master archer
 36244 | Elf:3    | Killed a deep elf master archer
 36794 | Elf:3    | Noticed a deep elf blademaster
 36810 | Elf:3    | Killed a deep elf blademaster
 36853 | Elf:3    | Noticed a deep elf master archer
 36882 | Elf:3    | Killed a deep elf master archer
 37297 | Elf:3    | Noticed an Ice Fiend
 37319 | Elf:3    | Got the Incunable of the Heated Familiar
 37417 | Elf:3    | Got Utwa's Atlas of the Atmospheric Solution
 37454 | Elf:3    | Identified the +4 great mace of False Hope {flame, Will+
                  | Str+3}
 37587 | Elf:3    | Bought the amulet "Eshreew" {Spirit Fly rElec} for 875 gold
                  | pieces
 37587 | Elf:3    | Bought a granite talisman for 1140 gold pieces
 37610 | Elf:3    | Learned a level 4 spell: Vhi's Electric Charge
 37823 | Snake:1  | Entered Level 1 of the Snake Pit
 38070 | Snake:1  | Reached XP level 19. HP: 111/141 MP: 29/29
 39119 | Snake:2  | Found Ruogy's Armour Shoppe.
 39121 | Snake:2  | Found Idemp's Armour Emporium.
 39124 | Snake:2  | Found Daucko's Distillery.
 39131 | Snake:2  | Bought a potion of haste for 140 gold pieces
 39131 | Snake:2  | Bought a potion of heal wounds for 70 gold pieces
 39131 | Snake:2  | Bought 2 potions of heal wounds for 140 gold pieces
 39131 | Snake:2  | Bought a potion of haste for 140 gold pieces
 40642 | Snake:4  | Entered Level 4 of the Snake Pit
 40659 | Snake:4  | Reached skill level 15 in Shapeshifting
 40720 | Snake:4  | Found a runed translucent door.
 40720 | Snake:4  | Noticed tensugalgo's ghost (adept CoBr)
 40903 | Snake:4  | Identified the serpent talisman "Cuir" {rC+}
 40903 | Snake:4  | Noticed Aizul
 40924 | Snake:4  | Killed Aizul
 41083 | Snake:4  | Found Hudghyre's Antique Armour Emporium.
 41221 | Snake:4  | Noticed Vashnia
 41257 | Snake:4  | Killed Vashnia
 41413 | Snake:4  | Noticed Louise
 41422 | Snake:4  | Killed Louise
 41439 | Snake:4  | Reached XP level 20. HP: 143/147 MP: 22/30
 41735 | Snake:4  | Killed tensugalgo's ghost
 42170 | Snake:4  | Got a serpentine rune of Zot
 42326 | Snake:4  | Found Hudghyre's Antique Armour Emporium.
 42960 | Swamp:1  | Entered Level 1 of the Swamp
 43001 | Swamp:1  | Noticed Nikola
 43008 | Swamp:1  | Killed Nikola
 44892 | Swamp:4  | Entered Level 4 of the Swamp
 45104 | Swamp:4  | Reached skill level 17 in Fighting
 45104 | Swamp:4  | Reached skill level 5 in Evocations
 45613 | Swamp:4  | Found a transporter.
 45780 | Swamp:4  | Noticed anansati's ghost (adept DsGl)
 45789 | Swamp:4  | Found a transporter.
 45822 | Swamp:4  | Found a one-way gate to the infinite horrors of the Abyss.
 45999 | Swamp:4  | Got a decaying rune of Zot
 46364 | Swamp:4  | Killed anansati's ghost
 46807 | Elf:2    | Reached XP level 21. HP: 156/156 MP: 27/31
 48023 | Vaults:1 | Entered Level 1 of the Vaults
 49019 | Vaults:1 | Noticed a golden dragon
 49024 | Vaults:1 | Killed a golden dragon
 49340 | Vaults:1 | Found Fihod's Distillery.
 49350 | Vaults:1 | Bought 2 potions of curing for 96 gold pieces
 49350 | Vaults:1 | Bought 2 potions of heal wounds for 160 gold pieces
 49350 | Vaults:1 | Bought a potion of haste for 160 gold pieces
 49350 | Vaults:1 | Bought a potion of heal wounds for 80 gold pieces
 49526 | Vaults:2 | Found Jujepn's Magic Scroll Emporium.
 49553 | Vaults:2 | Bought a scroll of teleportation for 66 gold pieces
 49553 | Vaults:2 | Bought a scroll of fog for 88 gold pieces
 49987 | Vaults:2 | Identified the +6 chain mail "Pacudoum" {Will+ Slay+2}
 50889 | Vaults:3 | Found a magical portal.
 50898 | WizLab   | Entered The Chambers of the Cloud Mage
 51077 | WizLab   | Reached XP level 22. HP: 164/164 MP: 34/34
 51239 | WizLab   | Paralysed by an air elemental for 1 turns
 51253 | WizLab   | Paralysed by an air elemental for 1 turns
 51335 | WizLab   | Identified the ring of Xamiv {Fly rElec rCorr Dex+3}
 51339 | WizLab   | Paralysed by an air elemental for 1 turns
 51460 | WizLab   | Paralysed by an air elemental for 1 turns
 51547 | WizLab   | Got Omneptax's Tractate on the Lungs
 51716 | Vaults:3 | Reached skill level 18 in Fighting
 51959 | Vaults:3 | Found a staircase to the Crypt.
 52661 | Vaults:3 | Found Ytru's Jewellery Emporium.
 53332 | Vaults:4 | Noticed Jory
 53363 | Vaults:4 | Killed Jory
 53395 | Vaults:4 | Noticed Donald
 53404 | Vaults:4 | Killed Donald
 53823 | Vaults:4 | Noticed Zenata
 53839 | Vaults:4 | Killed Zenata
 54379 | Vaults:4 | Found Fiusab's Jewellery Boutique.
 54383 | Vaults:4 | Bought a ring of protection from fire for 575 gold pieces
 54383 | Vaults:4 | Bought a ring of see invisible for 345 gold pieces
 54506 | Vaults:4 | Found Siopnagh's Armour Shoppe.
 54998 | Depths:1 | Entered Level 1 of the Depths
 55178 | Depths:1 | Reached XP level 23. HP: 172/172 MP: 31/36
 55384 | Depths:1 | Reached skill level 15 in Shields
 55812 | Depths:1 | Found Oruzoal's Armour Emporium.
 55937 | Depths:1 | Found a one-way gate leading to the halls of Pandemonium.
 56236 | Depths:1 | Noticed Saint Roka
 56252 | Depths:1 | Killed Saint Roka
 56611 | Depths:1 | Noticed a caustic shrike
 56611 | Depths:1 | Noticed a caustic shrike
 56611 | Depths:1 | Noticed a caustic shrike
 56611 | Depths:1 | Noticed a caustic shrike
 56611 | Depths:1 | Noticed a caustic shrike
 56693 | Depths:1 | Noticed a golden dragon
 56854 | Depths:1 | Identified the quicksilver dragon scales "Ponimul" {rPois
                  | rC- Will+ Str+4}
 57028 | Depths:1 | Reached skill level 10 in Evocations
 57071 | Depths:1 | Identified the +3 war axe of Rajisi {freeze, rN+}
 57074 | Depths:1 | Identified the +5 trident "Atag Vym" {freeze, +Blink rN+}
 57128 | Depths:1 | Reached skill level 19 in Fighting
 57277 | Depths:1 | Found a gateway to Hell.
 57470 | Depths:2 | Identified the +3 robe of the Armadillo {rC++}
 57470 | Depths:2 | Noticed Boris
 57481 | Depths:2 | Killed Boris
 57482 | Depths:2 | Reached skill level 10 in Translocations
 58029 | Depths:2 | Noticed a juggernaut
 58040 | Depths:2 | Killed a juggernaut
 58614 | Depths:2 | Got the Lessons on Glowing Hoarfrost
 58772 | Depths:3 | Identified the orb of the Thirteen Lies {light, Regen+ Air}
 58772 | Depths:3 | Noticed Frederick
 58784 | Depths:3 | Reached skill level 15 in Dodging
 58789 | Depths:3 | Killed Frederick
 58790 | Depths:3 | Reached skill level 15 in Long Blades
 58790 | Depths:3 | Reached skill level 10 in Spellcasting
 59002 | Depths:3 | Reached skill level 1 in Air Magic
 59055 | Depths:3 | Reached XP level 24. HP: 113/181 MP: 28/37
 59241 | Depths:3 | Reached skill level 15 in Summonings
 59248 | Depths:3 | Reached skill level 1 in Stealth
 59577 | Depths:3 | Found a one-way gateway to a ziggurat.
 59604 | Depths:3 | Identified the ring of Faim {Ice +Blink}
 59604 | Depths:3 | Noticed Josephina
 59620 | Depths:3 | Killed Josephina
 59974 | Depths:3 | Noticed a juggernaut
 59988 | Depths:3 | Killed a juggernaut
 60074 | Depths:3 | Found a sacrificial altar of Ru.
 60106 | Depths:3 | Learned a level 1 spell: Apportation
 60107 | Depths:4 | Entered Level 4 of the Depths
 60203 | Depths:4 | Noticed the Enchantress
 60204 | Depths:4 | Identified the +4 robe "Moph" {rF+ Stlth+}
 60204 | Depths:4 | Noticed Boris
 60305 | Depths:3 | Killed the Enchantress
 60504 | Depths:4 | Killed Boris
 60659 | Depths:4 | Reached skill level 5 in Stealth
 60779 | Depths:4 | Found a basalt altar of Yredelemnul.
 60807 | Depths:4 | Found a radiant altar of Vehumet.
 60972 | Depths:4 | Reached skill level 20 in Fighting
 61266 | Depths:4 | Reached skill level 5 in Air Magic
 61305 | Depths:4 | Found a gate to the Realm of Zot.
 61791 | D:10     | Killed flinch's ghost
 61941 | D:14     | Killed Jorgrun
 62157 | Vaults:5 | Entered Level 5 of the Vaults
 62541 | Vaults:5 | Noticed an ancient lich
 62551 | Vaults:5 | Killed an ancient lich
 62584 | Vaults:5 | Reached XP level 25. HP: 120/189 MP: 37/37
 62662 | Vaults:5 | Noticed an ancient lich
 62711 | Vaults:5 | Noticed an ancient lich
 62712 | Vaults:5 | Identified the ring "Giak" {rElec rPois AC+4}
 62837 | Vaults:5 | Identified the +0 kite shield of the Threshing Gods {Harm
                  | rPois Str+8 Slay-5}
 62980 | Vaults:5 | Found Duzayr's Assorted Antiques.
 62990 | Vaults:5 | Bought a potion of resistance for 400 gold pieces
 62990 | Vaults:5 | Bought a potion of curing for 120 gold pieces
 62990 | Vaults:5 | Bought a potion of haste for 400 gold pieces
 63012 | Vaults:5 | Identified the +2 cloak of Ceti {rC+ Str+3}
 63171 | Vaults:5 | Killed an ancient lich
 63218 | Vaults:5 | Got a silver rune of Zot
 63683 | Vaults:5 | Killed an ancient lich
 63996 | Vaults:5 | Identified the +3 orcbow "Impbane" {heavy, rElec rF+++
                  | Int-5 Dex+2}
 64519 | Elf:3    | Bought the Essays on Points and the Cumulonimbus for 468
                  | gold pieces
 64527 | Elf:3    | Learned a level 7 spell: Malign Gateway
 64530 | Elf:3    | Learned a level 2 spell: Lesser Beckoning
 64535 | Elf:3    | Learned a level 4 spell: Summon Lightning Spire
 64983 | Crypt:1  | Entered Level 1 of the Crypt
 65099 | Crypt:1  | Noticed Margery
 65679 | Crypt:1  | Killed Margery
 66563 | Crypt:2  | Reached skill level 21 in Fighting
 67019 | Crypt:2  | Noticed Grunn
 67327 | Crypt:3  | Entered Level 3 of the Crypt
 67328 | Crypt:3  | Acquired a +2 double sword of holy wrath
 67387 | Crypt:3  | Reached XP level 26. HP: 196/196 MP: 32/38
 67425 | Crypt:3  | Acquired 1255 gold pieces
 67835 | Crypt:3  | Found a basalt altar of Yredelemnul.
 67836 | Crypt:3  | Noticed an ancient lich
 67843 | Crypt:3  | Killed an ancient lich
 67878 | Crypt:3  | Identified the +4 trident of the Grave {flame, rC+}
 68208 | Crypt:3  | Got the Catalogue of Shades
 68447 | Crypt:3  | Found a staircase to the Tomb.
 68458 | Crypt:3  | Identified the +4 war axe of Sociq {pain, ^Fragile rF+
                  | rC+++ Dex-5}
 68848 | Zot:1    | Entered Level 1 of the Realm of Zot
 71265 | Zot:1    | Noticed a dread lich
 71270 | Zot:1    | Killed a dread lich
 71271 | Zot:1    | Reached skill level 22 in Fighting
 71275 | Zot:1    | Noticed a dread lich
 71284 | Zot:1    | Killed a dread lich
 71326 | Zot:1    | Identified the +6 flail of Traps {drain, rF+ rC+ rCorr}
 71857 | Zot:2    | Identified the amulet "Bauhouma" {Spirit ^Fragile rElec
                  | rCorr Dex-4}
 71939 | Zot:3    | Found a runed translucent gate.
 71939 | Zot:3    | Found a runed translucent gate.
 71942 | Zot:3    | Noticed Fuysiosk's ghost (legendary OnFi)
 71943 | Zot:3    | Found a runed translucent gate.
 72038 | Zot:4    | Reached XP level 27. HP: 207/207 MP: 25/38
 72089 | Zot:5    | Entered Level 5 of the Realm of Zot
 72605 | Zot:5    | Noticed a dread lich
 72606 | Zot:5    | Noticed an orb of fire
 72608 | Zot:5    | Noticed an orb of fire
 72614 | Zot:5    | Killed an orb of fire
 72621 | Zot:5    | Killed an orb of fire
 72628 | Zot:5    | Noticed an orb of fire
 72631 | Zot:5    | Noticed an orb of fire
 72636 | Zot:5    | Gained mutation: You are clumsy. (Dex -2) [an orb of fire]
 72639 | Zot:5    | Gained mutation: Your body sometimes deteriorates upon
                  | taking damage. [an orb of fire]
 72648 | Zot:5    | Gained mutation: You sometimes lose your temper in combat.
                  | [an orb of fire]
 72650 | Zot:5    | Killed an orb of fire
 72663 | Zot:5    | Lost mutation: Your body sometimes deteriorates upon taking
                  | damage. [potion of mutation]
 72663 | Zot:5    | Lost mutation: You are clumsy. (Dex -2) [potion of
                  | mutation]
 72663 | Zot:5    | Lost mutation: You sometimes lose your temper in combat.
                  | [potion of mutation]
 72663 | Zot:5    | Gained mutation: Your health recovers twice as slowly from
                  | being drained. [potion of mutation]
 72703 | Zot:5    | Killed an orb of fire
 72747 | Zot:5    | Noticed an orb of fire
 72750 | Zot:5    | Gained mutation: You are frail. (-10% HP) [an orb of fire]
 72753 | Zot:5    | Killed an orb of fire
 72866 | Zot:5    | Noticed a dread lich
 72868 | Zot:5    | Gained mutation: You are very frail. (-20% HP) [an orb of
                  | fire]
 72870 | Zot:5    | Killed a dread lich
 72905 | Zot:5    | Noticed an orb of fire
 73155 | Zot:5    | Lost mutation: You are very frail. (-20% HP) [potion of
                  | mutation]
 73155 | Zot:5    | Lost mutation: Your health recovers twice as slowly from
                  | being drained. [potion of mutation]
 73155 | Zot:5    | Lost mutation: You are frail. (-10% HP) [potion of
                  | mutation]
 73155 | Zot:5    | Gained mutation: You are weak. (Str -2) [potion of
                  | mutation]
 73155 | Zot:5    | Gained mutation: You have very sharp teeth. [potion of
                  | mutation]
 73410 | Zot:5    | Noticed an orb of fire
 73420 | Zot:5    | Gained mutation: You are frail. (-10% HP) [an orb of fire]
 73422 | Zot:5    | Gained mutation: You are very frail. (-20% HP) [an orb of
                  | fire]
 73425 | Zot:5    | Killed an orb of fire
 73447 | Zot:5    | Killed an ancient lich
 73892 | Zot:5    | Gained mutation: You are partially covered in iridescent
                  | scales. (AC +2) [an orb of fire]
 73893 | Zot:5    | Gained mutation: You are dopey. (Int -2) [an orb of fire]
 73899 | Zot:5    | Killed an orb of fire
 74159 | Zot:5    | Lost mutation: You are partially covered in iridescent
                  | scales. (AC +2) [potion of mutation]
 74159 | Zot:5    | Lost mutation: You are weak. (Str -2) [potion of mutation]
 74159 | Zot:5    | Lost mutation: You have very sharp teeth. [potion of
                  | mutation]
 74159 | Zot:5    | Gained mutation: You have a pair of small antennae on your
                  | head. [potion of mutation]
 74159 | Zot:5    | Gained mutation: You are agile. (Dex +4, Str/Int -1)
                  | [potion of mutation]
 74159 | Zot:5    | Gained mutation: You are vulnerable to heat. (rF-) [potion
                  | of mutation]
 74160 | Zot:5    | Lost mutation: You have a pair of small antennae on your
                  | head. [potion of mutation]
 74160 | Zot:5    | Lost mutation: You are agile. (Dex +4, Str/Int -1) [potion
                  | of mutation]
 74160 | Zot:5    | Lost mutation: You are dopey. (Int -2) [potion of mutation]
 74160 | Zot:5    | Gained mutation: You have very sharp teeth. [potion of
                  | mutation]
 74160 | Zot:5    | Gained mutation: You have hidden genetic potential. [potion
                  | of mutation]
 74161 | Zot:5    | Lost mutation: You have very sharp teeth. [potion of
                  | mutation]
 74161 | Zot:5    | Lost mutation: You are very frail. (-20% HP) [potion of
                  | mutation]
 74161 | Zot:5    | Lost mutation: You have hidden genetic potential. [potion
                  | of mutation]
 74161 | Zot:5    | Gained mutation: Your flesh is cold resistant. (rC+)
                  | [potion of mutation]
 74161 | Zot:5    | Gained mutation: You are strong-willed. (Will+) [potion of
                  | mutation]
 74162 | Zot:5    | Lost mutation: You are strong-willed. (Will+) [potion of
                  | mutation]
 74162 | Zot:5    | Lost mutation: You are vulnerable to heat. (rF-) [potion of
                  | mutation]
 74162 | Zot:5    | Lost mutation: You are frail. (-10% HP) [potion of
                  | mutation]
 74162 | Zot:5    | Gained mutation: You possess an exceptional clarity of
                  | mind. [potion of mutation]
 74162 | Zot:5    | Gained mutation: Your natural rate of healing is unusually
                  | fast. [potion of mutation]
 74193 | Zot:5    | Got the Orb of Zot
 74232 | Zot:5    | Noticed Laskaw the pandemonium lord
 74280 | Zot:3    | Noticed Visuc's ghost (master GrBe)
 74308 | Zot:2    | Noticed Buinegg the pandemonium lord
 74361 | Depths:4 | Noticed Paipneo the pandemonium lord
 74752 | D:$      | Escaped with the Orb!

Illustrated notes

Levels and vault maps discovered:
D:1:      kennysheep_arrival_seaside, layout_rooms
D:2:      layout_loops_ring, chequers_big_river, chequers_serial_rivers_small_b,
          nicolae_figureground_sparkle
D:3:      layout_basic, minmay_pentangle, uniq_jessica
D:4:      layout_basic, lightli_sewer_entry_pipes
D:5:      layout_basic, tgw_fedhas, chequers_garden, uniq_pikel, uniq_sigmund
D:6:      dreamdust_elfheim, layout_basic, grunt_temple_overflow_diamond,
          mainiacjoe_overflow_catwalk
D:7:      layout_basic, minmay_temple_entry_overgrown, uniq_prince_ribbit1
D:8:      layout_cave_pods, ebering_ghost_gozag
D:9:      layout_layer_cave, erik_lair_island, enter_bailey_3,
          minmay_fractal_squares_gapless_5
D:10:     layout_cave_pools, zombieorc2_lemuel, ebering_ghost_reflecting_pool,
          uniq_fannar
D:11:     layout_roguey, hangedman_decor_peaks_small, uniq_maurice, uniq_lodul
D:12:     layout_roguey, portal_ice_cave_entry_pillars_1
D:13:     minmay_strange_plus, layout_basic, hangedman_decor_riveting,
          minmay_puff
D:14:     layout_loops_ring, hellmonk_vaults_keyhole,
          nicolae_elyvilon_peaceful_grove, nicolae_elevator_lobby_asterisk,
          uniq_azrael, uniq_jorgrun
D:15:     hangedman_depths_entry_try_elsewhere_first, layout_long_grid,
          minmay_door_square, nicolae_wu_jian_immortal_techniques
Lair:1:   layout_chaotic_city
Lair:2:   layout_chaotic_city, nicolae_swamp_entry_splash_gauntlet,
          guppyfry_snake_entry_island, gauntlet_entry_generic,
          grunt_megastairs_3
Lair:3:   dragon1_lemuel, layout_small_grid, lemuel_oklob_altar,
          grunt_megastairs_5, uniq_urug
Lair:4:   layout_regular_city, basic_altar
Lair:5:   due_jungle_book, layout_cave_shapes, nicolae_slime_entry_slimehenge,
          uniq_kirke
Swamp:1:  layout_basic_swamp, hangedman_swamp_ruin_wall, uniq_nikola
Swamp:2:  layout_basic_swamp, evilmike_swamp_ruin_house_6, swamp_pool_5
Swamp:3:  layout_basic_swamp, evilmike_swamp_ruin_house_5
Swamp:4:  swamp_icy, layout_basic_swamp, gammafunk_ghost_abyssal_escape,
          infiniplex_staircase_pool
Snake:1:  layout_grid_maze, serial_bayou_shore_b
Snake:2:  layout_rooms, special_room, minmay_shop_star, nicolae_triple_integral
Snake:3:  layout_chambers, nicolae_letterblocks [nicolae_letter_subblock,
          nicolae_letter_subblock, nicolae_letter_subblock,
          nicolae_letter_subblock, nicolae_letter_subblock,
          nicolae_letter_subblock, nicolae_letter_subblock,
          nicolae_letter_subblock, nicolae_letter_subblock,
          nicolae_letter_subblock, nicolae_letter_subblock,
          nicolae_letter_subblock, nicolae_letter_subblock,
          nicolae_letter_subblock, nicolae_letter_subblock,
          nicolae_letter_subblock, nicolae_letter_subblock,
          nicolae_letter_subblock, nicolae_letter_subblock,
          nicolae_letter_subblock, nicolae_letter_subblock,
          nicolae_letter_subblock, nicolae_letter_subblock,
          nicolae_letter_subblock, nicolae_letter_subblock]
Snake:4:  snake_pit, layout_misc_corridors, hellmonk_ghost_happy_afterlife,
          serial_shops, nicolae_shop_tiny_glass, serial_bayou_shore_a,
          uniq_aizul, uniq_vashnia, uniq_louise
Orc:1:    layout_caves, serial_shops, nicolae_book_shop_shelving,
          regret_index_xom_of_box, uniq_nergalle, uniq_harold, uniq_erolcha
Orc:2:    st_orc_pillars, layout_caves
Elf:1:    minmay_elf_arrival_circle, layout_onion_city, serial_shops, shop,
          uniq_frances
Elf:2:    nicolae_elf_blades_crystal_corner, layout_gridlike, serial_shops,
          bzr_entry_islet, grunt_ministairs_4, nicolae_shop_gadgets
Elf:3:    elf_hall_gauntlet_wide, layout_onion_city, serial_shops, shop,
          minmay_librarian, minmay_shop_grove, uniq_boris
Vaults:1: hangedman_vaults_locks, nicolae_vaults_theta,
          nicolae_vaults_border_crossing, nicolae_vaults_closet_pinwheel_5,
          nicolae_vaults_trapezoid_4, dpeg_index_elf_rogue_hall, v_misc_22,
          nicolae_vaults_closet_pinwheel_2, vaults_room_pools,
          nicolae_vaults_tangram_1, ontoclasm_vaults_ring_square,
          nicolae_vaults_tangram_2, vaults_room_stairs_pillars,
          nicolae_vaults_shelves_hall, nicolae_vaults_storage_room_glass,
          layout_vaults_maze, serial_shops, shop
Vaults:2: v_misc_12, v_misc_11, vaults_room_fours, v_misc_14, v_misc_2,
          nicolae_vaults_double_plus_3, layout_vaults_chaotic_city,
          serial_shops, nicolae_shop_gibbet_a_chance
Vaults:3: mu_enter_wizlab_5, st_smaller_cells, hangedman_vaults_stitches,
          minmay_crypt_entry_simple_box, hangedman_vaults_stream, v_misc_16,
          nicolae_vaults_little_ls, vaults_room_boxed, ontoclasm_vaults_spin,
          nicolae_vaults_storage_closets_2, nicolae_vaults_closet_pinwheel_3,
          vaults_dpeg_diagonal, nicolae_vaults_diagonal_hallway_9,
          nicolae_vaults_tetromino_Z_1, layout_vaults_ring, serial_shops,
          nicolae_shop_statue_plus
Vaults:4: hangedman_vaults_snaps, hangedman_vaults_impose,
          vaults_room_mumra_shop_pool, nicolae_vaults_display_case,
          hangedman_vaults_restitches, serial_library_hellmonk_semicircle,
          nicolae_vaults_trapezoid_3, vaults_standard_mumra_lines,
          nicolae_vaults_trapezoid_4, grunt_vaults_swirl, v_pattern_3,
          layout_vaults_omnigrid, serial_shops, nicolae_shop_gaudy_bauble,
          uniq_jory, uniq_zenata, uniq_donald
Vaults:5
Crypt:1:  layout_chaotic_city, grunt_ministairs_14, st_stairs_4, fountainhead,
          minmay_misc_feat_columns, hex_large, grunt_crypt_arrival_split,
          uniq_margery
Crypt:2:  layout_gridlike, grunt_ministairs_10, roderic_lattice_octagonal_star,
          uniq_grunn
Crypt:3:  cryptofortress_bobbens
Depths:1: minmay_the_grid_triangle_9x9_recursive_2
          [minmay_the_grid_triangle_9x9_prize_schism,
          minmay_the_grid_triangle_9x9_cache,
          minmay_the_grid_triangle_9x9_steps,
          minmay_the_grid_triangle_9x9_zippers_vertical], layout_basic,
          grunt_pan_entry_in_and_out, lightli_too_deep, serial_shops, shop,
          serial_sigils, serial_sigils_hangedman_gut,
          serial_sigils_hangedman_leer, serial_sigils_hangedman_shear,
          serial_sigils_hangedman_scar, serial_sigils_hangedman_shear,
          minivault_16, lemuel_flamethrower_3, uniq_saint_roka
Depths:2: minmay_chopped_fan, layout_basic, rand_demon_pan_entry_3, hell_entry,
          minmay_staircase_statues
Depths:3: nicolae_hexawheel, layout_cave_pools, enter_ziggurat_f, hell_entry,
          minmay_room_of_horrors, nicolae_ru_path_of_blood,
          minmay_misc_feat_diagonals, kennysheep_pointless_box, uniq_frederick,
          uniq_josephina
Depths:4: grunt_zot_entry_pinwheel, layout_cave_pools,
          yredelemnul_altar_generic, hell_entry, abyss_entry, glass_columns_b,
          nicolae_vehumet_radiance, uniq_enchantress
Zot:1:    regret_index_infernal_bastille, layout_gridlike,
          regret_index_zotdec_obsidian_hm
Zot:2:    layout_cathedral_of_symmetry, nicolae_diode_basic
Zot:3:    infiniplex_zot_generator, layout_basic, gammafunk_ghost_cemetery,
          regret_index_zotdec_stipple_waver, uniq_parghit
Zot:4:    layout_misc_corridors, bh_zot_ikea_curve,
          regret_index_zotdec_twisting_globes
Zot:5:    layout_twisted_circle, drop_trap

Skill      XL: |  1  2  3  4  5  6  7  8  9 10 11 12 13 14 15 16 17 18 19 20 21 22 23 24 25 26 27 |
---------------+----------------------------------------------------------------------------------+-----
Fighting       | 1 2 3 7 8 9 10 12 14 15 16 17 18 19 20 21 22 | 22.0
Ice Magic      | 1 3 4 |  4.8
Spellcasting   | 2 3 4 5 6 7 8 9 10 11 | 11.0
Summonings     | 5 6 8 10 11 12 13 14 15 16 17 | 17.0
Evocations     | 3 6 8 9 10 11 12 13 | 13.1
Dodging        | 2 4 6 7 10 11 13 14 15 16 17 18 | 18.9
Long Blades    | 5 8 11 12 13 14 15 16 17 18 | 18.3
Shields        | 3 6 9 10 11 12 13 14 15 | 15.0
Translocations | 4 6 7 8 9 10 11 12 14 | 14.0
Shapeshifting  | 7 12 16 | 16.0
Air Magic      | 1 5 |  5.8
Stealth        | 7 |  7.0
Unarmed Combat | |  3.0

Action                     |  1- 3 |  4- 6 |  7- 9 | 10-12 | 13-15 | 16-18 | 19-21 | 22-24 | 25-27 || total
---------------------------+-------+-------+-------+-------+-------+-------+-------+-------+-------++-------
  Melee: Dagger            |    64 |    66 |    19 |       |       |       |       |       |       ||   149
         Constrict         |    12 |    22 |    36 |    92 |    78 |   196 |   168 |   163 |   182 ||   949
         Tentacles         |    13 |    19 |    59 |   223 |   259 |   427 |   481 |   584 |   430 ||  2495
         Short sword       |       |       |   172 |   348 |     6 |     9 |       |       |       ||   535
         Falchion          |       |       |       |   274 |   286 |       |       |       |       ||   560
         Long sword        |       |       |       |    37 |   447 |  1157 |       |       |       ||  1641
         Scimitar          |       |       |       |       |       |    20 |  1453 |  1478 |   275 ||  3226
         Demon blade       |       |       |       |       |       |       |       |       |   596 ||   596
         Double sword      |       |       |       |       |       |       |       |       |   241 ||   241
         Bite              |       |       |       |       |       |       |       |       |    13 ||    13
  Throw: Dart              |       |    10 |     1 |    10 |       |       |       |       |       ||    21
   Cast: Summon Small Mamm |     4 |    10 |     7 |     2 |       |       |       |       |       ||    23
         Summon Ice Beast  |       |     6 |    33 |    63 |    49 |    71 |     3 |     5 |     1 ||   231
         Summon Forest     |       |       |       |       |    24 |    38 |     5 |    11 |    11 ||    89
         Blink             |       |       |       |       |       |       |       |     1 |     1 ||     2
         Malign Gateway    |       |       |       |       |       |       |       |       |     7 ||     7
         Passage of Golubr |       |       |       |       |       |       |       |       |     2 ||     2
 Invoke: Bribe Branch      |       |       |       |       |       |       |       |       |     2 ||     2
  Evoke: Wand              |       |       |     5 |    17 |    10 |     5 |     1 |       |     7 ||    45
         Lightning rod     |       |       |       |     3 |     1 |     4 |     6 |       |     2 ||    16
         Phantom mirror    |       |       |       |     1 |     2 |     2 |       |     3 |     1 ||     9
         Box of beasts     |       |       |       |       |       |     1 |     1 |     2 |     1 ||     5
         Phial of floods   |       |       |       |       |       |     1 |       |       |       ||     1
    Use: Potion            |       |     6 |       |     1 |     7 |     4 |     1 |     3 |    23 ||    45
         Scroll            |       |       |     5 |     6 |    16 |     7 |    13 |    12 |    30 ||    89
   Stab: Sleeping          |     9 |     4 |     4 |     3 |    13 |    14 |    30 |     9 |    17 ||   103
         Distracted        |       |     1 |     3 |    12 |    18 |    24 |    24 |    20 |    35 ||   137
         Invisible         |       |       |       |       |     9 |     8 |       |       |     8 ||    25
         Petrified         |       |       |       |       |     3 |       |       |       |     1 ||     4
         Confused          |       |       |       |       |       |       |     1 |       |     3 ||     4
 Armour: Skin              |    19 |    48 |    76 |   186 |   197 |   253 |   541 |   691 |   408 ||  2419
  Dodge: Dodged            |    36 |    66 |   128 |   666 |   354 |   593 |  1644 |  2070 |  1271 ||  6828
  Block: Kite shield       |       |       |       |   113 |   521 |   771 |  2045 |  2165 |  1416 ||  7031
   Form: Statue            |       |       |       |       |       |     1 |       |       |       ||     1

Table legend: (Time is in decaauts)
 A = Elapsed time spent in this place.
 B = Non-inter-level travel time spent in this place.
 C = Inter-level travel time spent in this place.
 D = Time resting spent in this place.
 E = Time spent auto-exploring this place.
 F = Levels seen in this place.
 G = Mean time per level.
                   A        B        C        D        E       F      G
               +--------+--------+--------+--------+--------+-----+--------+
         Total |  91893 |  80657 |  11236 |  14316 |  45573 |  56 | 1640.9 |
       Dungeon |  21464 |  17379 |   4085 |   2282 |  10792 |  15 | 1430.9 |
          Lair |   6638 |   5847 |    791 |    611 |   4016 |   5 | 1327.6 |
         Swamp |   5092 |   4765 |    327 |    790 |   2716 |   4 | 1273.0 |
     Snake Pit |   7479 |   7154 |    325 |    610 |   4975 |   4 | 1869.8 |
  Orcish Mines |   3394 |   2660 |    734 |    772 |   1218 |   2 | 1697.0 |
   Elven Halls |   7782 |   6148 |   1634 |   2162 |   2479 |   3 | 2594.0 |
        Vaults |  13430 |  11304 |   2126 |    610 |   8212 |   5 | 2686.0 |
         Crypt |   5172 |   5036 |    136 |    517 |   3193 |   3 | 1724.0 |
        Depths |   9675 |   8880 |    795 |   2445 |   4162 |   4 | 2418.8 |
           Zot |   6488 |   6209 |    279 |   1877 |   2005 |   5 | 1297.6 |
        Bazaar |    205 |    205 |      0 |      0 |    151 |   1 |  205.0 |
         Sewer |    192 |    192 |      0 |     31 |     57 |   1 |  192.0 |
        Bailey |    999 |    999 |      0 |    152 |    494 |   1 |  999.0 |
      Ice Cave |   1496 |   1496 |      0 |    545 |    491 |   1 | 1496.0 |
        Wizlab |   1087 |   1087 |      0 |    285 |    319 |   1 | 1087.0 |
      Gauntlet |   1292 |   1292 |      0 |    621 |    288 |   1 | 1292.0 |
               +--------+--------+--------+--------+--------+-----+--------+

Top non-repeatable levels by time:
   Elf:3: 3966 daAuts
Vaults:4: 3456 daAuts
Depths:1: 3451 daAuts
   Zot:5: 3023 daAuts
 Snake:4: 2978 daAuts
    D:14: 2915 daAuts
   Zot:1: 2809 daAuts
Depths:3: 2752 daAuts
Vaults:1: 2658 daAuts
   Orc:2: 2629 daAuts
Vaults:3: 2607 daAuts
    D:15: 2450 daAuts
Vaults:5: 2362 daAuts
Vaults:2: 2344 daAuts
 Swamp:4: 2189 daAuts
